 Dungeon Crawl Stone Soup version 0.20.0 (webtiles) character file.

352 Danakh the Chopper (level 6, 0/38 HPs)
             Began as a Tengu Warper on May 31, 2017.
             Slain by a hound (1 damage)
             ... on level 4 of the Dungeon.
             The game lasted 00:09:40 (2820 turns).

Danakh the Chopper (Tengu Warper)                   Turns: 2820, Time: 00:09:40

Health: 0/38       AC: 13    Str: 14    XL:     6   Next: 61%
Magic:  10/10      EV: 10    Int: 13    God:
Gold:   276        SH:  0    Dex: 18    Spells: 9/9 levels left

rFire    . . .     SeeInvis .   a - +0 hand axe
rCold    . . .     Gourm    .   (no shield)
rNeg     . . .     Faith    .   l - +0 plate armour
rPois    .         Spirit   .   (helmet restricted)
rElec    .         Reflect  .   h - +0 cloak
rCorr    +         Harm     .   k - +0 pair of gloves
MR       .....                  (boots unavailable)
Stlth    ..........             (no amulet)
Regen    0.2/turn               g - ring of wizardry
MPRegen  0.2/turn               w - ring of resist corrosion

@: agile
A: beak, talons 3, able to fly 1
a: Fly


You were on level 4 of the Dungeon.
You were very hungry.

You visited 1 branch of the dungeon, and saw 4 of its levels.

You collected 276 gold pieces.

Inventory:

Hand Weapons
 a - a +0 hand axe (weapon)
Missiles
 e - 5 tomahawks of dispersal (quivered)
Armour
 b - a +0 leather armour
 h - a +0 cloak (worn)
 k - a +0 pair of gloves (worn)
 l - a +0 plate armour (worn)
Jewellery
 g - a ring of wizardry (left hand)
 w - a ring of resist corrosion (right hand)
Wands
 n - a wand of iceblast (7/15)
Scrolls
 d - 2 scrolls of blinking
 j - 2 scrolls of amnesia
 u - a scroll of remove curse
Potions
 i - a potion of lignification
 m - a potion of brilliance
 o - a potion of heal wounds
Books
 c - a book of Spatial Translocations

   Spells                             Type                      Level
   a - Blink                          Translocation                2
   b - Shroud of Golubria             Charms/Translocation         2
   c - Lesser Beckoning               Translocation                3
   d - Gell's Gravitas                Translocation                3
   e - Teleport Other                 Translocation                3
   f - Passage of Golubria            Translocation                4
Comestibles
 f - 2 bread rations
 p - 7 fruits
 v - a meat ration


   Skills:
 + Level 3.7 Fighting
 * Level 4.8 Axes
 - Level 1.0 Throwing
 + Level 3.1 Armour
 + Level 3.7 Dodging
 - Level 2.0 Spellcasting
   Level 2.4 Translocations


You had 9 spell levels left.
You didn't know any spells.

Dungeon Overview and Level Annotations

Branches:
Dungeon (4/15)
 Temple: D:4-7

Altars:
Cheibriados

Annotations:
D:4 Dowan; abeheron's ghost, amateur HaFi


Innate Abilities, Weirdness & Mutations

You have a beak for a mouth.
You have claws for feet.
You can fly.


Message History

Duvessa hits you but does no damage.
You hit Duvessa. You claw Duvessa, but do no damage.
You peck Duvessa, but do no damage.
Duvessa is almost dead.
Duvessa hits you but does no damage.
You hit Duvessa but do no damage.
Duvessa is almost dead.
Duvessa hits you with a short sword.
* * * LOW HITPOINT WARNING * * *
You hit Duvessa but do no damage. You claw Duvessa.
You kill Duvessa!
You hear a distant wail of despair.
Your Armour skill increases to level 3!
The hound bites you but does no damage.
You closely miss the hound. Your peck misses the hound.
The hound bites you but does no damage.
You barely miss the hound. Your kick misses the hound.
You peck the hound, but do no damage.
The hound bites you but does no damage. x2
You hit the hound but do no damage. The hound bites you.
You die...

... W...# ....# ....##
###..# ....# # #..#####
###......###########..#
...........>....@h....#
..............######...#
..####+###....# .
.#8..#...8#...#
.#....#...#..##
.#...#....#..#
.##.#[#.#.'..#
.'.#.#.#.##..#
.#....#...#.##


You could see a hound.

Vanquished Creatures
  Duvessa (D:4)
  An ogre (D:4)
  A hound (D:4)
  An orc wizard (D:3)
  A worker ant (D:4)
  4 adders
  A dart slug (D:1)
  2 leopard geckos
  3 orcs
  2 ball pythons
  4 bats
  4 giant cockroaches
  7 goblins
  6 hobgoblins
  A jackal (D:2)
  A quokka (D:2)
  2 frilled lizards
  4 kobolds
  A quokka skeleton (D:4)
  12 rats
59 creatures vanquished.

Notes
Turn   | Place    | Note
-------+----------+-------------------------------------------
     0 | D:1      | Danakh the Tengu Warper began the quest for the Orb.
     0 | D:1      | Reached XP level 1. HP: 12/12 MP: 4/4
   228 | D:1      | Reached XP level 2. HP: 17/17 MP: 6/6
   661 | D:2      | Reached XP level 3. HP: 9/22 MP: 7/7
   810 | D:2      | Reached skill level 3 in Axes
  1479 | D:3      | Reached XP level 4. HP: 27/27 MP: 8/8
  1890 | D:4      | Noticed abeheron's ghost (amateur HaFi)
  2150 | D:4      | Found a snail-covered altar of Cheibriados.
  2498 | D:4      | Gained mutation: You can fly. [Tengu growth]
  2498 | D:4      | Reached XP level 5. HP: 27/32 MP: 9/9
  2541 | D:4      | Reached skill level 4 in Axes
  2551 | D:4      | Noticed an ogre
  2563 | D:4      | Killed an ogre
  2563 | D:4      | Reached XP level 6. HP: 16/37 MP: 10/10
  2757 | D:4      | Noticed Duvessa
  2758 | D:4      | Noticed Dowan
  2816 | D:4      | HP: 1/37 [Duvessa/short sword (4)]
  2817 | D:4      | Killed Duvessa
  2820 | D:4      | Slain by a hound

Skill      XL: |  1  2  3  4  5  6 |
---------------+-------------------+-----
Axes           | 3 4 |  4.8
Armour         | 2 3 |  3.1
Fighting       | 3 |  3.7
Dodging        | 3 |  3.7
Throwing       | |  1.0
Spellcasting   | |  2.0
Translocations | |  2.4

Action                   |  1- 3 |  4- 6 || total
-------------------------+-------+-------++-------
Melee: Hand axe          |   108 |   152 ||   260
       Kick              |    25 |    47 ||    72
       Peck              |    13 |    36 ||    49
  Use: Scroll            |     5 |     3 ||     8
       Potion            |     1 |     5 ||     6
  Eat: Chunk             |     2 |     1 ||     3
       Royal jelly       |       |     1 ||     1
Armor: Leather armour    |     2 |       ||     2
       Plate armour      |    95 |   114 ||   209
Dodge: Dodged            |    21 |    33 ||    54
